 Dungeon Crawl Stone Soup version 0.28-a0-1429-gf3d713df7a (webtiles) character file.

Game seed: 1175899061431820281

394 bande the Covered (level 6, 0/37 HPs)
             Began as a Gargoyle Fighter on Jan 9, 2022.
             Slain by a kobold (2 damage)
             ... in a sewer.
             The game lasted 00:07:03 (3612 turns).

bande the Covered (Gargoyle Fighter)                Turns: 3612, Time: 00:07:03

Health: 0/37       AC: 11    Str: 20    XL:     6   Next: 82%
Magic:  6/6        EV:  9    Int:  8    God:
Gold:   168        SH:  5    Dex: 11    Spells: 5/5 levels left

rFire   . . .      SeeInvis .   l - +8 mace of Theory {flame, *Rage rPois rN+}
rCold   . . .      Faith    .   c - +1 buckler
rNeg    + + .      Spirit   .   b - +0 scale mail
rPois   ∞          Reflect  .   (no helmet)
rElec   +          Harm     .   (no cloak)
rCorr   .          Rampage  .   (no gloves)
Will    .....      Rage     20% (no boots)
Stlth   ..........              (no amulet)
HPRegen 0.12/turn               (no ring)
MPRegen 0.10/turn               (no ring)

@: on berserk cooldown, slowed, studying 2 skills, very slow
A: sickness immunity, AC +4, negative energy resistance 1, electricity
resistance, torment resistance 1, petrification resistance
a: no special abilities


You were in a sewer.
You visited 1 branch of the dungeon, and saw 4 of its levels.
You also visited: Sewer.

You collected 168 gold pieces.

Inventory:

Hand Weapons
 a - a +0 war axe of venom
 l - the +8 mace of Theory (weapon) {flame, *Rage rPois rN+}
   (You found it on level 2 of the Dungeon)

   It burns those it strikes, dealing additional fire damage.
   rPois:     It protects you from poison.
   rN:        It protects you from negative energy.
   *Rage:     It berserks you when you make melee attacks (+20% chance).
Armour
 b - a +0 scale mail (worn)
 c - a +1 buckler (worn)
Jewellery
 k - a ring of protection from fire
Wands
 f - a wand of paralysis (7)
 i - a wand of digging (7)
Scrolls
 e - a scroll of teleportation
 g - a scroll of identify
 j - a scroll of enchant armour
Potions
 d - 2 potions of might
 m - a potion of flight


   Skills:
 - Level 3.6 Fighting
 + Level 4.0(4.6) Axes
 + Level 3.7(4.7) Maces & Flails
 + Level 4.9 Armour
 + Level 0.1 Stealth
 + Level 4.0 Shields
 * Level 1.0 Evocations


You had 5 spell levels left.
You didn't know any spells.
Your spell library contained the following spells:

 Spells                   Type           Power      Damage    Failure   Level
 Ensorcelled Hibernation  Hex/Ice        0%         N/A       93%         2
 Conjure Flame            Conj/Fire      0%         6-21      99%         3
 Inner Flame              Hex/Fire       0%         N/A       99%         3
 Tukima's Dance           Hex            0%         N/A       99%         3
 Freezing Cloud           Conj/Ice/Air   0%         6-21      100%        5
 Simulacrum               Ice/Necr       0%         N/A       100%        6
 Enfeeble                 Hex            0%         N/A       100%        7


Dungeon Overview and Level Annotations

Branches:
Dungeon (4/15)              Sewer (1/1)
 Temple: D:4-7

Altars:
Hepliaklqana
Trog


Innate Abilities, Weirdness & Mutations

You are immune to sickness and miasma.
Your stone body is resilient. (AC +4)
You are immune to poison.
You resist negative energy. (rN+)
You are resistant to electric shocks. (rElec)
You are resistant to unholy torment.
You are immune to petrification.


Message History

You kill the kobold brigand!
The kobold shoots a bolt.
The bolt hits you.
* * * LOW HITPOINT WARNING * * *
The kobold barely misses you. You block the kobold's attack.
Your Shields skill increases to level 4!
Your Evocations skill increases to level 1!
Your unstable footing causes you to fumble your attack.
The kobold shoots a bolt.
The bolt hits you.
* * * LOW HITPOINT WARNING * * *
The kobold closely misses you.
You barely miss the kobold. The kobold hits you but does no damage.
The kobold shoots a bolt.
You block the bolt.
Unknown command.
You thump the kobold! You burn the kobold.
You kill the kobold!
You hear a splash.
The kobold barely misses you.
The kobold shoots a bolt.
The bolt hits you but does no damage. You block the kobold's attack.
Items here: ( )))) †††.
You feel a strong urge to attack something.
The kobold shoots a bolt.
The bolt closely misses you. The kobold hits you but does no damage.
You are no longer berserk.
You are exhausted.
You feel yourself slow down.
Your unstable footing causes you to fumble your attack.
The kobold unwields a +0 hand crossbow.
The kobold wields a +0 short sword of venom.
It begins to drip with poison!
The kobold barely misses you. The kobold closely misses you.
The kobold splashes around in the water.
You sock the kobold! You burn the kobold.
You kill the kobold!
You hear a splash. x3
The kobold hits you with a +0 short sword.
* * * LOW HITPOINT WARNING * * *
The kobold misses you.
The kobold hits you with a +0 short sword.
You die...

...... ##.... ##....≈
..... .... ####.####
#...≈.≈.# #..≈@K≈.#
#≈≈≈≈≈).# #≈≈≈≈≈≈)#
#≈≈≈≈≈≈.# #.≈≈≈≈≈.#
#.≈≈≈≈..#
#≈≈≈≈≈≈≈#############
#≈≈≈≈≈≈≈≈≈≈≈≈≈≈≈≈≈≈≈≈
#..≈≈≈≈≈#############


You could see a kobold.

Vanquished Creatures
  2 kobold brigands (Sewer)
  A jelly (D:4)
  Jessica (D:2)
  4 gnolls (D:3)
  8 adders
  A river rat (Sewer)
  2 worms (D:2)
  3 dart slugs
  5 ball pythons
  4 endoplasms
  4 giant cockroaches
  4 goblins
  6 hobgoblins
  A jackal (Sewer)
  7 quokkas
  9 bats
  3 frilled lizards
  9 kobolds
  8 rats
82 creatures vanquished.

Notes
Turn   | Place    | Note
-------+----------+-------------------------------------------
     0 | D:1      | bande the Gargoyle Fighter began the quest for the Orb.
     0 | D:1      | Reached XP level 1. HP: 14/14 MP: 1/1
     4 | D:1      | Noticed a six-headed hydra
    13 | D:1      | Noticed an anaconda
    44 | D:1      | Found a faded altar of an unknown god.
   312 | D:1      | Reached XP level 2. HP: 17/19 MP: 2/2
   359 | D:1      | Got the Almanac of Wyrd
   816 | D:2      | Reached XP level 3. HP: 23/23 MP: 3/3
  1424 | D:2      | Identified the +8 mace of Theory {flame, *Rage rPois rN+}
  1547 | D:2      | Reached XP level 4. HP: 19/28 MP: 4/4
  1701 | D:2      | Noticed Jessica
  1715 | D:2      | Killed Jessica
  2081 | D:3      | Reached XP level 5. HP: 32/32 MP: 5/5
  2984 | D:3      | Found a bloodstained altar of Trog.
  3181 | D:4      | Reached skill level 1 in Maces & Flails
  3191 | D:4      | Identified a scroll of acquirement
  3191 | D:4      | Acquired a manual of Maces & Flails
  3222 | D:4      | Found a hazy altar of Hepliaklqana.
  3256 | D:4      | Reached XP level 6. HP: 37/37 MP: 6/6
  3493 | D:4      | Found a glowing drain.
  3514 | Sewer    | Entered a sewer
  3604 | Sewer    | Reached skill level 1 in Evocations
  3612 | Sewer    | Slain by a kobold

Illustrated notes

Levels and vault maps discovered:
D:1:      sevenhm_arrival_forest_fort_small_2, layout_rooms,
          hellmonk_ecumenical_altar_run_dry, palyth_stone_intersect,
          st_stairs_11, minmay_misc_feat_doors
D:2:      layout_loops_corners, uniq_jessica
D:3:      layout_basic, lemuel_round_altar
D:4:      layout_loops_cross, mainiacjoe_overflow_brackets,
          mainiacjoe_overflow_six_doors_small, portal_sewer_entry_d, uniq_robin
Sewer:    sewer_kobolds

Skill      XL: |  1  2  3  4  5  6 |
---------------+-------------------+-----
Axes           | 2 3 4 |  4.0
Armour         | 4 |  4.9
Maces & Flails | 1 3 |  3.7
Shields        | 4 |  4.0
Evocations     | 1 |  1.0
Fighting       | |  3.6
Stealth        | |  0.1

Action                   |  1- 3 |  4- 6 || total
-------------------------+-------+-------++-------
Melee: War axe           |   150 |    21 ||   171
       Mace              |       |    90 ||    90
  Use: Scroll            |       |     8 ||     8
Armor: Scale mail        |   109 |    66 ||   175
Dodge: Dodged            |    81 |    68 ||   149
Block: Buckler           |    37 |    36 ||    73

Table legend: (Time is in decaauts)
 A = Elapsed time spent in this place.
 B = Non-inter-level travel time spent in this place.
 C = Inter-level travel time spent in this place.
 D = Time resting spent in this place.
 E = Time spent auto-exploring this place.
 F = Levels seen in this place.
 G = Mean time per level.
                   A        B        C        D        E       F      G
               +--------+--------+--------+--------+--------+-----+--------+
         Total |   3798 |   3760 |     38 |    622 |   2221 |   5 |  759.6 |
       Dungeon |   3669 |   3631 |     38 |    622 |   2156 |   4 |  917.2 |
         Sewer |    129 |    129 |      0 |      0 |     64 |   1 |  129.0 |
               +--------+--------+--------+--------+--------+-----+--------+

Top non-repeatable levels by time:
     D:2: 1353 daAuts
     D:3: 1192 daAuts
     D:1: 761 daAuts
     D:4: 361 daAuts
   Sewer: 129 daAuts
